 Dungeon Crawl Stone Soup version 0.31-a0-1603-gbec6b6ccbf (webtiles) character file.

Game seed: 7671134301146885655

14918 croobank the Covert (level 11, -56/56 HPs)
             Began as a Felid Summoner on Jan 8, 2024.
             Was an Elder of Kikubaaqudgha.
             Annihilated by a very large slime creature (58 damage)
             ... on level 12 of the Dungeon.
             The game lasted 00:56:10 (15660 turns).

croobank the Covert (Felid Summoner)               Turns: 15660, Time: 00:56:10

Health: -56/56     AC:  2    Str:  4    XL:     11   Next: 95%
Magic:  8/21       EV: 22    Int: 24    God:    Kikubaaqudgha [****..]
Gold:   601        SH:  0    Dex: 16    Spells: 4/22 levels left
                                        Lives:  0   Deaths: 2

rFire   + . .        (weapon unavailable)
rCold   . . .        (shield unavailable)
rNeg    . . .        (body armour unavailable)
rPois   .            (helmet unavailable)
rElec   .            (cloak unavailable)
rCorr   .            (gloves unavailable)
SInv    +            (boots unavailable)
Will    +....        (no amulet)
Stlth   ++++         u - ring of wizardry
HPRegen 0.29/turn    v - ring of protection from fire
MPRegen 0.17/turn

%: wizardry (x1)
@: beast-form, unable to call your familiar
A: beast (slay +2), very small, claws 1, fangs 3, see invisible, shaggy fur 2,
stealthy paws, no weapons or thrown items, no armour, multi-lived
a: Begin Untransformation, Renounce Religion, Unearth Wretches


You were on level 12 of the Dungeon.
You worshipped Kikubaaqudgha.
Kikubaaqudgha was greatly pleased with you.
You were a hulking beast.
You visited 2 branches of the dungeon, and saw 13 of its levels.

You collected 601 gold pieces.

Inventory:

Jewellery
 u - a ring of wizardry (left paw)
 v - a ring of protection from fire (right paw)
Talismans
 d - a beast talisman (active)
Wands
 a - a wand of flame (13)
 n - a wand of iceblast (13)
 A - a wand of mindburst (8)
Scrolls
 c - a scroll of fog
 h - a scroll of revelation
 k - a scroll of amnesia
 l - 3 scrolls of poison
 q - 2 scrolls of fear
 t - a scroll of immolation
 y - a scroll of vulnerability
Potions
 b - 3 potions of degeneration
 f - 4 potions of curing
 g - 2 potions of heal wounds
 i - 2 potions of haste
 j - 3 potions of enlightenment
 m - 2 potions of attraction
 o - a potion of might
 p - 2 potions of brilliance
 r - a potion of invisibility
 s - 2 potions of mutation
 w - a potion of cancellation
 x - a potion of berserk rage
 z - a potion of lignification {unknown}
 B - a potion of resistance {unknown}


   Skills:
 + Level 6.2 Fighting
 + Level 8.9 Dodging
 + Level 9.6 Stealth
 + Level 6.2 Spellcasting
 - Level 7.0 Hexes
 + Level 7.6 Summonings
 + Level 6.7 Necromancy
 - Level 5.0 Fire Magic
 * Level 5.3 Air Magic
 + Level 4.9 Shapeshifting


You had 4 spell levels left.
You knew the following spells:

 Your Spells              Type           Power      Damage    Failure   Level
b - Call Imp              Summ           88%        N/A       1%          2
c - Call Canine Familiar  Summ           44%        N/A       1%          3
d - Summon Blazeheart Go  Fire/Summ      37%        N/A       2%          4
e - Summon Lightning Spi  Summ/Air       38%        N/A       2%          4
f - Summon Mana Viper     Hex/Summ       42%        N/A       4%          5

Your spell library contained the following spells:

 Spells                   Type           Power      Damage    Failure   Level
 Foxfire                  Conj/Fire      76%        2x1d7     1%          1
 Kiss of Death            Conj/Necr      92%        2d12      1%          1
 Necrotise                Necr           100%       1d9       1%          1
 Shock                    Conj/Air       80%        1d8       1%          1
 Summon Small Mammal      Summ           100%       N/A       1%          1
 Mercury Vapours          Alch/Air       40%        N/A       1%          2
 Sublimation of Blood     Necr           39%        N/A       1%          2
 Fugue of the Fallen      Necr           39%        N/A       1%          3
 Sigil of Binding         Hex            41%        N/A       1%          3
 Summon Ice Beast         Ice/Summ       25%        N/A       1%          3
 Swiftness                Air            33%        N/A       1%          3
 Tukima's Dance           Hex            41%        N/A       1%          3
 Vampiric Draining        Necr           39%        2d8       1%          3
 Anguish                  Hex/Necr       20%        N/A       1%          4
 Animate Dead             Necr           39%        N/A       1%          4
 Dispel Undead            Necr           39%        3d16      1%          4
 Martyr's Knell           Necr/Summ      42%        N/A       1%          4
 Sandblast                Erth           14%        2d6       3%          1
 Airstrike                Air            16%        2d(3-19)  3%          4
 Passwall                 Erth           7%         N/A       10%         3
 Stone Arrow              Conj/Erth      14%        3d7       10%         3
 Vhi's Electric Charge    Tloc/Air       40%        N/A       11%         4
 Sticky Flame             Fire/Alch      19%        2d6       12%         4
 Brom's Barrelling Bould  Conj/Erth      7%         2d3       30%         4
 Fulminant Prism          Conj/Alch      3%         3d5       30%         4
 Olgreb's Toxic Radiance  Alch           7%         N/A       30%         4
 Passage of Golubria      Tloc           7%         N/A       30%         4
 Curse of Agony           Necr           39%        N/A       6%          5
 Borgnjor's Vile Clutch   Necr/Erth      11%        N/A       21%         5
 Yara's Violent Unravell  Hex/Alch       12%        3d7       21%         5
 Arcjolt                  Conj/Air       10%        1d20      28%         5
 Death Channel            Necr           19%        N/A       28%         6
 Plasma Beam              Fire/Air       16%        2x1d27    47%         6
 Monstrous Menagerie      Summ           22%        N/A       71%         7
 Haunt                    Necr/Summ      21%        N/A       77%         7
 Conjure Ball Lightning   Conj/Air       10%        3x3d6     82%         6
 Starburst                Conj/Fire      9%         6d5       83%         6
 Discord                  Hex            20%        N/A       100%        8
 Disjunction              Tloc           3%         N/A       100%        8
 Infestation              Necr           19%        N/A       100%        8
 Maxwell's Capacitive Co  Air            16%        ∞         100%        8
 Dimensional Bullseye     Hex/Tloc       Unusable   N/A       N/A         4

Dungeon Overview and Level Annotations

Branches:
Dungeon (12/15)            Temple (1/1) D:4            Lair (0/5) D:11
    Orc: D:9-12

Altars:
Ashenzari
Cheibriados
Dithmenos
Elyvilon
Fedhas
Gozag
Hepliaklqana
Kikubaaqudgha
Makhleb
Nemelex Xobeh
Okawaru
Qazlal
Ru
Sif Muna
Trog
Uskayaw
Vehumet
Wu Jian
Xom
Yredelemnul
Zin
The Shining One

Shops:
D:6 [   D:7 (   D:8 *

Annotations:
D:4 Dowan, Duvessa
D:9 exclusion: 3 kobolds, Harold


Innate Abilities, Weirdness & Mutations

You are a hulking beast.
Your limbs bulge with bestial killing power. (Slay +2)
You have sharp claws.
You have razor-sharp teeth.
You have supernaturally acute eyesight. (SInv)
You are covered in thick fur. (AC +2)
Your paws help you pounce on unaware monsters.
You are incapable of wielding weapons or throwing items.
You cannot wear armour.
You gain extra lives every three experience levels.


Message History

The vampire mosquito completely misses your blazeheart core.
The vampire mosquito completely misses your blazeheart core.
Your blazeheart core explodes!
The fiery explosion engulfs the vampire mosquito!!!
You destroy the vampire mosquito!
Kikubaaqudgha accepts your kill.
Kikubaaqudgha is now protecting you from unholy torment.
Your inugami hits the slime creature! The slime creature hits your inugami.
Casting: Call Canine Familiar (safe; 1% risk of failure)
Confirm with . or Enter, or press ? or * to list all spells.
A tiny devil pulls itself out of the air.
The large slime creature hits your inugami but does no damage.
Your inugami barely misses the slime creature.
The slime creature hits your inugami! Something hits your cerulean imp.
A slime creature merges with something you can't see.
Your cerulean imp is engulfed in blazing flames.
You kill your cerulean imp!
Your cerulean imp disappears in a puff of smoke!
The ogre barely misses you.
Casting: Call Imp (safe; 1% risk of failure)
Confirm with . or Enter, or press ? or * to list all spells.
A fiery spirit appears, bound in slag iron.
The very large slime creature hits your inugami!!
Your inugami dies!
Your inugami disappears in a puff of smoke!
The ogre hits you with a +0 giant club!!
* * * LOW HITPOINT WARNING * * *
You swap places.
Your blazeheart golem barely misses the ogre.
Okay, then.
You feel much better.
The ogre hits your blazeheart golem with a +0 giant club!
You swap places.
The ogre hits you with a +0 giant club!!
Ouch! That really hurt!
* * * LOW HITPOINT WARNING * * *
The very large slime creature hits you!!!
Ouch! That really hurt!
You die...
Kikubaaqudgha rasps: "You have failed me!
Welcome... death!"

..........'.#........
..........###........
########'## #........
####.5.# #+####
##...†### #..####
###÷### #...O.#
#.###h# #.#.J9# #
#.#.###.# #...# ..
###.#.# #.....# ###
##'#### #^J #....##
#.# ####).# #######'#


You could see a very large slime creature, an ogre (ally target) and a friendly
blazeheart golem (summoned).

Vanquished Creatures
  3 two-headed ogres
  An ugly thing (D:12)
  2 slime creatures (D:12)
  A gargoyle (D:11)
  A komodo dragon (D:11)
  2 trolls
  7 yaks
  A wraith (D:9)
  A steam dragon (D:6)
  4 vampire mosquitoes (D:12)
  An acid dragon (D:12)
  2 water moccasins
  An orc warrior (D:9)
  An ogre (D:6)
  2 kobold brigands
  A bullfrog (D:9)
  4 wights
  2 killer bees (D:9)
  5 electric eels (D:10)
  A crimson imp (D:9)
  An orc priest (D:11)
  2 orc wizards
  An iguana (D:5)
  2 gnolls
  2 adders
  An ufetubus (D:7)
  A ribbon worm (D:2)
  An orc (D:9)
  A ball python (D:3)
  A goblin (D:3)
  A hobgoblin (D:1)
  A jackal (D:1)
  3 kobolds
  3 quokkas
  3 bats
  2 rats
69 creatures vanquished.

Vanquished Creatures (collateral kills)
  A boulder beetle (D:10)
  Urug (D:12)
  Nergalle (D:12)
  A manticore (D:12)
  A cyclops (D:11)
  Maurice (D:11)
  Psyche (D:11)
  5 slime creatures (D:12)
  2 yaks
  A steam dragon (D:6)
  2 vampire mosquitoes (D:12)
  3 ice beasts
  3 orc warriors
  2 sky beasts
  A black bear (D:6)
  4 centaurs
  An ogre (D:7)
  A phantom (D:6)
  A kobold brigand (D:12)
  3 bullfrogs
  A scorpion (D:5)
  2 gnoll sergeants
  9 wights
  2 killer bees (D:9)
  A howler monkey (D:6)
  A nameless horror (D:6)
  A bombardier beetle (D:5)
  3 hounds
  A gnoll bouda (D:8)
  14 orc priests
  A jelly (D:6)
  5 iguanas
  12 orc wizards
  5 adders
  16 gnolls
  2 white imps
  6 ufetubi
  5 dart slugs
  3 ribbon worms
  24 orcs
  3 bats
  5 endoplasms
  3 giant cockroaches (D:1)
  8 goblins
  3 hobgoblins (D:1)
  2 jackals (D:1)
  11 kobolds
  3 quokkas
  4 ball pythons
  3 ball python skeletons (D:2)
  2 frilled lizards
  A jackal zombie (D:2)
  2 rats (D:1)
200 creatures vanquished.

Vanquished Creatures (others)
  39 blazeheart cores
39 creatures vanquished.

Grand Total: 308 creatures vanquished

Notes
Turn   | Place    | Note
-------+----------+-------------------------------------------
     0 | D:1      | croobank the Felid Summoner began the quest for the Orb.
     0 | D:1      | Reached XP level 1. HP: 9/9 MP: 4/4
    94 | D:1      | Reached skill level 3 in Stealth
   114 | D:1      | Reached XP level 2. HP: 10/13 MP: 3/6
   121 | D:1      | Learned a level 2 spell: Call Imp
   653 | D:1      | Reached XP level 3. HP: 16/16 MP: 1/7
  1210 | D:2      | Learned a level 3 spell: Call Canine Familiar
  1456 | D:2      | Reached XP level 4. HP: 17/21 MP: 3/8
  1456 | D:2      | Gained a life (2 lives remaining)
  1625 | D:2      | Reached skill level 4 in Stealth
  2100 | D:2      | Found a faded altar of an unknown god.
  2406 | D:3      | Reached skill level 1 in Fighting
  2406 | D:3      | Reached XP level 5. HP: 25/25 MP: 6/10
  2444 | D:3      | Found a shadowy altar of Dithmenos.
  3334 | D:4      | Noticed Dowan
  3456 | D:4      | Found a staircase to the Ecumenical Temple.
  3472 | Temple   | Entered the Ecumenical Temple
  3497 | Temple   | Became a worshipper of Kikubaaqudgha
  4238 | D:4      | Noticed Duvessa
  4315 | D:5      | Entered Level 5 of the Dungeon
  4320 | D:5      | Noticed a centaur
  4330 | D:5      | Killed a centaur
  4331 | D:5      | Reached skill level 1 in Shapeshifting
  4331 | D:5      | Gained mutation: You are covered in thick fur. (AC +2)
                  | [Felid growth]
  4331 | D:5      | Reached XP level 6. HP: 12/30 MP: 5/11
  4433 | D:5      | Found a glowing golden altar of the Shining One.
  4475 | D:5      | Noticed an ice beast
  4484 | D:5      | Learned a level 4 spell: Summon Blazeheart Golem
  4612 | D:5      | Killed an ice beast
  4835 | D:5      | Reached skill level 5 in Stealth
  4835 | D:5      | Reached skill level 5 in Summonings
  5070 | D:5      | Reached skill level 1 in Fire Magic
  5147 | D:5      | Noticed a water moccasin
  5159 | D:5      | Killed a water moccasin
  5160 | D:5      | Reached skill level 5 in Dodging
  5160 | D:5      | Reached XP level 7. HP: 35/35 MP: 8/13
  5615 | D:5      | Got Lavet's Elucidation of Virulence
  5853 | D:6      | Reached skill level 1 in Necromancy
  6081 | D:6      | Reached XP level 8. HP: 22/40 MP: 2/14
  6212 | D:6      | Reached skill level 6 in Stealth
  6400 | D:6      | Learned a level 4 spell: Summon Lightning Spire
  6520 | D:6      | Reached * piety under Kikubaaqudgha
  6520 | D:6      | Received a gift from Kikubaaqudgha
  6574 | D:6      | Found Kygoug's Armour Shop.
  7127 | D:6      | Found an opulent altar of Gozag.
  7619 | D:6      | Reached XP level 9. HP: 45/45 MP: 11/16
  7963 | D:7      | Reached skill level 7 in Stealth
  7994 | D:7      | Reached skill level 1 in Air Magic
  8362 | D:7      | Reached ** piety under Kikubaaqudgha
  8452 | D:7      | Found Paluitz's Weapon Shop.
  9175 | D:8      | Found Wuiminoi's General Store.
  9693 | D:9      | Noticed Harold
  9807 | D:9      | Reached XP level 10. HP: 26/50 MP: 0/18
 10084 | D:9      | Reached skill level 5 in Spellcasting
 10084 | D:9      | Reached skill level 5 in Necromancy
 10483 | D:9      | Reached skill level 8 in Stealth
 10484 | D:9      | Reached *** piety under Kikubaaqudgha
 10484 | D:9      | Received a gift from Kikubaaqudgha
 10485 | D:9      | Reached skill level 5 in Fire Magic
 10608 | D:9      | Learned a level 5 spell: Summon Mana Viper
 10781 | D:9      | Found a burning altar of Makhleb.
 10782 | D:9      | Found a shimmering altar of Xom.
 11089 | D:10     | Entered Level 10 of the Dungeon
 11148 | D:10     | Noticed a boulder beetle
 11169 | D:10     | Killed a boulder beetle
 11170 | D:10     | Reached skill level 5 in Fighting
 11588 | D:10     | Noticed a two-headed ogre
 11601 | D:10     | Killed a two-headed ogre
 11740 | D:10     | Found a shimmering blue altar of Sif Muna.
 11940 | D:10     | Noticed a two-headed ogre
 11944 | D:10     | Killed a two-headed ogre
 12103 | D:10     | Reached XP level 11. HP: 56/56 MP: 12/20
 12493 | D:11     | Found a staircase to the Lair.
 12689 | D:11     | Noticed Maurice
 12702 | D:11     | Killed Maurice
 12993 | D:11     | Reached skill level 5 in Hexes
 13098 | D:11     | Reached skill level 9 in Stealth
 13267 | D:11     | Noticed Psyche
 13278 | D:11     | Killed Psyche
 14266 | D:12     | Noticed Nergalle
 14277 | D:12     | Killed Nergalle
 14719 | D:12     | Noticed Urug
 14732 | D:12     | Killed Urug
 15136 | D:12     | Noticed a brown ugly thing
 15144 | D:12     | Killed a brown ugly thing
 15412 | D:12     | Reached skill level 5 in Air Magic
 15437 | D:12     | Mangled by a vampire mosquito
 15437 | D:12     | Lost a life (1 life remaining)
 15539 | D:12     | Noticed a two-headed ogre
 15608 | D:12     | Slain by a two-headed ogre
 15608 | D:12     | Lost a life (0 lives remaining)
 15622 | D:12     | Killed a two-headed ogre
 15650 | D:12     | Reached **** piety under Kikubaaqudgha
 15660 | D:12     | HP: 2/56 [ogre/+0 giant club (35)]
 15660 | D:12     | Annihilated by a very large slime creature

Illustrated notes

Levels and vault maps discovered:
D:1:      sevenhm_arrival_forest_fort_small_4, layout_basic, minmay_heptomino_d4
D:2:      layout_loops_ring, serial_undead, serial_undead_b, serial_undead_f,
          serial_undead_c, serial_undead_c,
          dreamdust_ecumenical_altar_hidden_monk_grotto, hex_large,
          corexii_item_surrounded_by_moat
D:3:      layout_basic, nicolae_dithmenos_the_darkroom
D:4:      layout_basic, minmay_temple_entry_slanted, uniq_duvessa
D:5:      layout_loops_ring, overflow_temple_1_default, serial_bayou_lake_a
D:6:      minmay_octagon_keep, layout_basic, mainiacjoe_overflow_24_doors,
          serial_shops, nicolae_shop_competitors_out_of_business
D:7:      layout_basic, serial_shops, nicolae_shop_bloodbath_and_beyond
D:8:      layout_rooms, serial_shops, shop_fountains
D:9:      layout_roguey, grunt_temple_overflow_champion_of_chaos, uniq_harold
D:10:     layout_roguey, tgw_sif, serial_bayou, serial_bayou_shore_a,
          serial_bayou_pond_e, serial_bayou_crossing, serial_bayou_pond_a,
          serial_bayou_lagoon_b, serial_bayou_pond_e
D:11:     layout_layer_cave, lair_entry_dummy, uniq_maurice, uniq_psyche
D:12:     layout_roguey, kennysheep_orc_monster_closet_entryway, uniq_nergalle,
          uniq_urug
Temple:   nicolae_temple_bog_church

Skill      XL: |  1  2  3  4  5  6  7  8  9 10 11 |
---------------+----------------------------------+-----
Stealth        | 3 4 5 6 7 8 9 |  9.6
Dodging        | 3 4 5 6 7 8 |  8.9
Fighting       | 1 2 3 4 5 6 |  6.2
Spellcasting   | 3 4 5 6 |  6.2
Shapeshifting  | 1 2 3 4 |  4.9
Summonings     | 5 6 7 |  7.6
Fire Magic     | 1 3 4 5 |  5.0
Necromancy     | 1 3 4 6 |  6.7
Air Magic      | 1 3 5 |  5.3
Hexes          | 4 7 |  7.0

Action                     |  1- 3 |  4- 6 |  7- 9 | 10-12 || total
---------------------------+-------+-------+-------+-------++-------
  Melee: Unarmed           |    20 |    33 |    52 |    13 ||   118
         Bite              |     4 |     4 |     6 |     3 ||    17
         Punch             |       |       |       |     1 ||     1
   Cast: Summon Small Mamm |    42 |    31 |    22 |     1 ||    96
         Call Imp          |    20 |    32 |    30 |    19 ||   101
         Call Canine Famil |     2 |    21 |    25 |    11 ||    59
         Summon Blazeheart |       |       |    17 |    47 ||    64
         Summon Lightning  |       |       |    11 |    28 ||    39
         Summon Mana Viper |       |       |       |     2 ||     2
  Evoke: Wand              |       |     3 |       |     6 ||     9
    Use: Potion            |       |     1 |     1 |     1 ||     3
         Scroll            |       |     8 |     9 |    10 ||    27
   Stab: Sleeping          |     1 |     9 |     5 |     4 ||    19
         Distracted        |     1 |       |       |       ||     1
 Armour: Skin              |    14 |    11 |    45 |    42 ||   112
  Dodge: Dodged            |    30 |    29 |   145 |    67 ||   271
   Form: Beast             |     1 |       |       |       ||     1

Table legend: (Time is in decaauts)
 A = Elapsed time spent in this place.
 B = Non-inter-level travel time spent in this place.
 C = Inter-level travel time spent in this place.
 D = Time resting spent in this place.
 E = Time spent auto-exploring this place.
 F = Levels seen in this place.
 G = Mean time per level.
                   A        B        C        D        E       F      G
               +--------+--------+--------+--------+--------+-----+--------+
         Total |  15730 |  15436 |    294 |   3626 |   8733 |  13 | 1210.0 |
       Dungeon |  15680 |  15435 |    245 |   3626 |   8733 |  12 | 1306.7 |
        Temple |     50 |      1 |     49 |      0 |      0 |   1 |   50.0 |
               +--------+--------+--------+--------+--------+-----+--------+

Top non-repeatable levels by time:
     D:6: 2141 daAuts
    D:11: 1838 daAuts
     D:5: 1455 daAuts
     D:9: 1396 daAuts
    D:12: 1393 daAuts
    D:10: 1384 daAuts
     D:4: 1254 daAuts
     D:1: 1121 daAuts
     D:7: 1096 daAuts
     D:2: 1003 daAuts
     D:3: 951 daAuts
     D:8: 642 daAuts
  Temple: 50 daAuts
